 Dungeon Crawl Stone Soup version 0.15.0-13-gb296d5c (webtiles) character file.

632 HungrySpirit the Poker (level 7, -1/50 HPs)
             Began as a Demonspawn Gladiator on Sept 3, 2014.
             Slain by an ogre
             ... wielding a +0 giant club
              (10 damage)
             ... on Level 4 of the Dungeon.
             The game lasted 00:05:50 (2561 turns).

HungrySpirit the Poker (Demonspawn Gladiator)       Turns: 2561, Time: 00:05:50

HP  -1/50        AC 14     Str 17      XL: 7   Next: 24%
MP   7/7         EV  8     Int 10      God:
Gold 107         SH  0     Dex 11      Spells:  0 memorised,  6 levels left

rFire  . . .     SeeInvis .     a - +0 trident
rCold  . . .     Clarity  .     l - +0 scale mail
rNeg   . . .     rCorr    .     (no shield)
rPois  .         rRot     .     c - +0 helmet
rElec  .         Spirit   .     (no cloak)
SustAb .         Warding  .     (no gloves)
rMut   .         Stasis   .     (no boots)
Gourm  .                        (no amulet)
MR     .....                    (no ring)
                                (no ring)

@: not resistant to hostile enchantments, extremely unstealthy
A: rough black scales 2, nightstalker 1, spiny 1
a: no special abilities


You were on level 4 of the Dungeon.
You were not hungry.

You visited 1 branch of the dungeon, and saw 4 of its levels.

You collected 107 gold pieces.

Inventory:

Hand weapons
 a - a +0 trident (weapon)
Missiles
 d - 3 throwing nets (quivered)
Armour
 c - a +0 helmet (worn)
 l - a +0 scale mail (worn)
Magical devices
 r - a wand of draining (0)
Comestibles
 f - 2 bread rations
 k - a chunk of hound flesh
Scrolls
 b - 2 scrolls of teleportation {unknown}
 g - 2 scrolls of fear {unknown}
 i - 3 scrolls of magic mapping {unknown}
 j - a scroll of noise {unknown}
 q - a scroll of blinking
Jewellery
 s - a +2 ring of protection {unknown}
Potions
 e - 4 potions of curing {unknown}
 m - a potion of brilliance {unknown}
 p - a potion of flight {unknown}


   Skills:
 + Level 2.2 Fighting
 * Level 7.7 Polearms
 - Level 1.7 Throwing
 - Level 2.6 Dodging


You had 6 spell levels left.
You didn't know any spells.

Dungeon Overview and Level Annotations

Branches:
Dungeon (4/15)
 Temple: D:4-7

Altars:
Ashenzari
Dithmenos
Fedhas
Nemelex Xobeh

Annotations:
D:2 Sigmund


Innate Abilities, Weirdness & Mutations

You are mostly covered in rough black scales (AC +7, Dex -2).
You are slightly more attuned to the shadows.
You are partially covered in sharp spines.


Message History

The ogre barely misses you. The orc barely misses you.
An orc priest comes into view. It is wielding a mace.
Read which item? (? for menu, Esc to quit)
As you read the scroll labeled DISMOAGR UDUI, it crumbles to dust.
You feel blessed for a moment.
It was a scroll of remove curse.
The orc priest shouts!
The orc barely misses the freed slave.
The orc hits you with a hand axe.
* * * LOW HITPOINT WARNING * * *
The rat bites the freed slave but does no damage.
The orc priest's eyes start to glow.
The freed slave hits the rat.
An orc comes into view. It is wielding a mace.
Read which item? (? for menu, Esc to quit)
As you read the scroll labeled RYNTUF HIYSUDU, it crumbles to dust.
It is a scroll of identify.
Identify which item? (\ to view known items) (? for menu, Esc to quit)
q - a scroll of blinking The orc shouts!
The ogre is struck by your spines. The ogre hits you with a giant club!
You die...

...# #..# ...# #..# ##.#
#..# #.# #..#
##.#####..# .[...)....#
##.######.#
##........#########.#
##########<..soO@ooo#
##################poo...
..[[...<# r... #########
o.. #


o You could see an ogre, a scorpion, 2 orc priests, 6 orcs, a rat and a neutral
freed slave.

Vanquished Creatures
  Pikel (D:4)
  3 slaves (D:4)
  2 hounds (D:4)
  Jessica (D:2)
  5 adders
  3 giant geckos
  An ooze (D:3)
  6 bats
  A giant cockroach (D:2)
  3 hobgoblins
  4 jackals (D:1)
  2 quokkas (D:3)
  A ball python (D:1)
  A giant newt (D:2)
  7 goblins
  5 kobolds
  An orc skeleton (D:4)
  6 rats
53 creatures vanquished.

Vanquished Creatures (others)
  An orc (D:4)
1 creature vanquished.

Grand Total: 54 creatures vanquished

Notes
Turn   | Place    | Note
--------------------------------------------------------------
     0 | D:1      | HungrySpirit, the Demonspawn Gladiator, began the quest for the Orb.
     0 | D:1      | Reached XP level 1. HP: 16/16 MP: 1/1
    93 | D:1      | Reached skill level 3 in Polearms
   284 | D:1      | Gained mutation: You are partially covered in sharp spines. [demonic ancestry]
   284 | D:1      | Reached XP level 2. HP: 20/22 MP: 2/2
   852 | D:2      | Noticed Jessica
   856 | D:2      | Killed Jessica
   856 | D:2      | Reached skill level 4 in Polearms
   856 | D:2      | Gained mutation: You are slightly more attuned to the shadows. [demonic ancestry]
   856 | D:2      | Reached XP level 3. HP: 27/27 MP: 3/3
  1137 | D:2      | Reached XP level 4. HP: 20/33 MP: 4/4
  1389 | D:2      | Noticed Sigmund
  1524 | D:3      | Found a sparkling altar of Nemelex Xobeh.
  1527 | D:3      | Found a blossoming altar of Fedhas.
  1528 | D:3      | Found a shattered altar of Ashenzari.
  1536 | D:3      | Found a shadowy altar of Dithmenos.
  2129 | D:4      | Reached skill level 5 in Polearms
  2146 | D:4      | Noticed a slave
  2146 | D:4      | Noticed a slave
  2174 | D:4      | Killed a slave
  2176 | D:4      | Killed a slave
  2177 | D:4      | Noticed Pikel
  2452 | D:4      | Noticed a slave
  2453 | D:4      | Noticed a slave
  2453 | D:4      | Killed a slave
  2459 | D:4      | Killed Pikel
  2459 | D:4      | Reached skill level 7 in Polearms
  2459 | D:4      | Reached XP level 5. HP: 34/38 MP: 5/5
  2459 | D:4      | Gained mutation: You are partially covered in rough black scales (AC +4, Dex -1). [demonic ancestry]
  2459 | D:4      | Reached XP level 6. HP: 39/44 MP: 6/6
  2459 | D:4      | Gained mutation: You are mostly covered in rough black scales (AC +7, Dex -2). [demonic ancestry]
  2459 | D:4      | Reached XP level 7. HP: 44/50 MP: 7/7
  2523 | D:4      | Noticed an ogre
  2561 | D:4      | Slain by an ogre

Action                   |  1- 3 |  4- 6 |  7- 9 || total
-------------------------+-------+-------+-------++-------
Melee: Trident           |   110 |    66 |    14 ||   190
Evoke: Wand              |       |     8 |       ||     8
  Use: Potion            |       |     1 |       ||     1
       Scroll            |       |       |     3 ||     3
  Eat: Chunk             |       |     3 |     1 ||     4
       Beef jerky        |       |     1 |       ||     1
